 Dungeon Crawl Stone Soup version 0.23-a0-554-gd3cbc84 (webtiles) character file.

441 Mgcat the Cleaver (level 7, -5/61 HPs)
             Began as a Hill Orc Gladiator on Dec 10, 2018.
             Killed by divine providence
             ... invoked by an orc priest
              (13 damage)
             ... on level 4 of the Dungeon.
             The game lasted 00:05:42 (3206 turns).

Mgcat the Cleaver (Hill Orc Gladiator)              Turns: 3206, Time: 00:05:43

Health: -5/61      AC:  5    Str: 19    XL:     7   Next: 2%
Magic:  7/7        EV: 12    Int:  8    God:
Gold:   151        SH:  0    Dex: 12    Spells: 6/6 levels left

rFire    . . .     SeeInvis .   a - +0 war axe
rCold    . . .     Gourm    .   (no shield)
rNeg     . . .     Faith    +   b - +0 leather armour
rPois    .         Spirit   .   c - +0 helmet
rElec    .         Reflect  .   (no cloak)
rCorr    .         Harm     .   (no gloves)
MR       .....                  l - +0 pair of boots
Stlth    +.........             z - amulet of faith {Faith, !P}
HPRegen  0.20/turn              (no ring)
MPRegen  0.10/turn              (no ring)

@: no status effects
A: no striking features
a: Convert to Beogh


You were on level 4 of the Dungeon.
You were hungry.

You visited 1 branch of the dungeon, and saw 4 of its levels.

You collected 151 gold pieces.

Inventory:

Hand Weapons
 a - a +0 war axe (weapon)
Missiles
 d - 4 throwing nets {=f, !d}
Armour
 b - a +0 leather armour (worn)
 c - a +0 helmet (worn)
 l - a +0 pair of boots (worn)
   (You found it on level 1 of the Dungeon)
Jewellery
 p - an uncursed ring of ice {rC+, rF-}
   (You found it on level 4 of the Dungeon)
 z - an amulet of faith (around neck) {Faith, !P}
   (You found it on level 4 of the Dungeon)
Wands
 t - a wand of random effects (11)
   (You found it on level 2 of the Dungeon)
Scrolls
 g - a scroll of remove curse {unknown}
 h - 2 scrolls of noise {unknown}
 n - 2 scrolls of fog {unknown}
 r - 2 scrolls of identify {unknown}
 s - 3 scrolls of teleportation {unknown}
 u - a scroll of random uselessness {unknown}
 v - a scroll of enchant armour {unknown}
 x - a scroll of fear {unknown}
 y - a scroll of enchant weapon {unknown}
 A - a scroll of immolation {unknown}
Potions
 e - 3 potions of resistance {unknown}
 i - a potion of curing {unknown}
 j - a potion of flight {unknown}
 k - a potion of magic {unknown}
 m - a potion of berserk rage {unknown}
 o - 3 potions of degeneration {unknown}
 q - a potion of agility {unknown}
 w - 2 potions of might {unknown}
Comestibles
 f - 6 rations
 B - 3 chunks of flesh {@w0}


   Skills:
 - Level 5.0 Fighting
 + Level 8.8 Axes
 - Level 1.7 Throwing
 - Level 2.4 Dodging


You had 6 spell levels left.
You didn't know any spells.
Your spell library was empty.

Dungeon Overview and Level Annotations

Branches:
Dungeon (4/15)
 Temple: D:4-7

Altars:


Message History

You barely miss the scorpion.
The scorpion stings you but does no damage.
You closely miss the scorpion.
The scorpion stings you but does no damage.
You hit the scorpion.
The scorpion is moderately wounded.
The scorpion closely misses you.
You hit the scorpion but do no damage.
The scorpion is moderately wounded.
The scorpion stings you.
You are poisoned.
The scorpion poisons you!
You slash the scorpion!
The scorpion is severely wounded.
You feel sick.
The scorpion stings you but does no damage.
You hit the scorpion.
The scorpion is severely wounded.
You feel sick. The scorpion stings you!
You are too injured to fight recklessly!
You are too injured to fight recklessly!
You are too injured to fight recklessly!
You are too injured to fight recklessly!
You are too injured to fight recklessly!
You slash the scorpion!
You kill the scorpion!
You have reached level 7!
You feel sick.
You feel sick.
You feel sick.
You feel sick.
You feel sick.
You feel sick.
You feel sick.
You feel sick.
You feel sick.
You feel sick.
You feel sick.
You are no longer poisoned.
Some of the chunks of flesh in your inventory have rotted away.
An orc comes into view. It is wielding a +0 flail.
The orc shouts!
You hear a shout! x2
You barely miss the orc. The orc completely misses you.
You hit the orc.
The orc is almost dead.
An orc priest comes into view. It is wielding a +0 club.
The orc hits you but does no damage.
The orc priest shouts, "Beogh is our master!
Accept the truth or die!" (press Y on the ability menu to convert to Beogh)
You hit the orc but do no damage.
The orc is almost dead.
The orc priest miscasts a cantrip.
The orc misses you.
You slash the orc!
You kill the orc!
Things that are here:
a +0 flail; an orc corpse You closely miss the orc priest.
The orc priest invokes the aid of Beogh against you.
Beogh smites you!
The orc priest shouts, "Surrender to Beogh and we'll let you live!"
You hit the orc priest.
The orc priest is moderately wounded.
The orc priest hits you but does no damage.
You hit the orc priest but do no damage.
The orc priest is moderately wounded.
The orc priest shouts, "Join the one true god or die!"
The orc priest mumbles some strange prayers to Beogh against you.
Pain shoots through your body!
You are feeling hungry.
You hit the orc priest.
The orc priest shouts, "Beogh is our master!
Accept the truth or die!"
The orc priest is heavily wounded.
The orc priest casts a cantrip, but nothing happens.
You hit the orc priest.
The orc priest is heavily wounded.
The orc priest hits you with a +0 club.
You hit the orc priest.
The orc priest is severely wounded.
The orc priest hits you but does no damage.
You closely miss the orc priest.
The orc priest is severely wounded.
The orc priest hits you with a +0 club.
You barely miss the orc priest.
The orc priest is severely wounded.
The orc priest closely misses you.
You hit the orc priest but do no damage.
The orc priest is severely wounded.
The orc priest invokes the aid of Beogh against you.
You struggle to resist.
You hit the orc priest.
The orc priest is almost dead.
The orc priest calls down the wrath of Beogh upon you.
Pain shoots through your body!
* * * LOW HITPOINT WARNING * * *
You hit the orc priest but do no damage.
The orc priest is almost dead.
The orc priest mumbles some strange prayers to Beogh against you.
Beogh smites you!
You die...

#.......#
#.......# #
#.......# #.
#....รท..#
###.#####.#.####
#..............#
#...#.###...##.#
#. #)###...##.#
#.......##@#
#.#.#......o....#
#...#..###.######
#########
#..........#
#.......#
#.###..#####
#.##.....
#......#
#####.##.##.#
##### #.##...#
#........##.#
....# #.##...#
#####.###.#####.#
.##.# #.##...#
#.........#####.#


You could see an orc priest.

Vanquished Creatures
  An ogre (D:4)
  A scorpion (D:4)
  A bullfrog skeleton (D:4)
  An orc wizard (D:4)
  2 iguanas (D:4)
  3 worker ants
  4 adders
  2 worms (D:2)
  A dart slug (D:3)
  4 leopard geckos
  11 orcs
  2 ball pythons (D:3)
  A giant cockroach (D:3)
  4 goblins
  9 hobgoblins
  12 jackals
  7 bats
  2 frilled lizards
  5 kobolds
  5 rats
78 creatures vanquished.

Notes
Turn   | Place    | Note
-------+----------+-------------------------------------------
     0 | D:1      | Mgcat the Hill Orc Gladiator began the quest for the Orb.
     0 | D:1      | Reached XP level 1. HP: 18/18 MP: 1/1
    43 | D:1      | HP: 3/18 [hobgoblin/+0 club (5)]
   668 | D:1      | You fall through a shaft!
   679 | D:2      | Reached XP level 2. HP: 25/25 MP: 2/2
   694 | D:2      | Reached skill level 3 in Fighting
   726 | D:2      | Reached XP level 3. HP: 13/31 MP: 3/3
  1058 | D:2      | Reached skill level 5 in Axes
  1351 | D:2      | Reached XP level 4. HP: 40/40 MP: 4/4
  1648 | D:3      | Reached skill level 4 in Fighting
  2216 | D:3      | Reached XP level 5. HP: 47/47 MP: 5/5
  2259 | D:4      | Reached skill level 6 in Axes
  2375 | D:4      | Reached skill level 5 in Fighting
  2569 | D:4      | Noticed an ogre
  2573 | D:4      | Killed an ogre
  2573 | D:4      | Reached skill level 7 in Axes
  2573 | D:4      | Reached XP level 6. HP: 51/56 MP: 6/6
  2694 | D:4      | Reached skill level 8 in Axes
  3092 | D:4      | Reached XP level 7. HP: 42/61 MP: 7/7
  3205 | D:4      | HP: 7/61 [orc priest/nerve-wracking pain (14)]
  3206 | D:4      | Killed from afar by an orc priest

Vault maps used:
D:1:      minmay_arrival_up_and_down, hangedman_decor_diamond_cutter
D:3:      hangedman_decor_points, wad_orctagon
D:4:      first_ration, tgw_kikubaaqudgha

Skill      XL: |  1  2  3  4  5  6 |
---------------+-------------------+-----
Fighting       | 3 4 5 |  5.0
Axes           | 5 7 8 |  8.8
Throwing       | |  1.7
Dodging        | |  2.4

Action                   |  1- 3 |  4- 6 |  7- 9 || total
-------------------------+-------+-------+-------++-------
Melee: War axe           |    94 |   125 |    15 ||   234
Evoke: Wand              |       |     1 |       ||     1
  Eat: Chunk             |     1 |     6 |       ||     7
Armor: Leather armour    |    41 |    36 |     2 ||    79
Dodge: Dodged            |    94 |    74 |     3 ||   171

Table legend:
 A = Non-vault XP
 B = Vault XP
 C = Vault XP percentage of total XP
 D = Non-vault monster count
 E = Vault monster count
 F = Vault count percentage of total count
                 A         B        C        D         E       F
            +---------+---------+-------+---------+---------+-------
      Total |     619 |      12 |   1.9 |      74 |       4 |   5.1
            +---------+---------+-------+---------+---------+-------
        D:1 |       8 |       0 |   0.0 |       6 |       0 |   0.0
        D:2 |      74 |       0 |   0.0 |      25 |       0 |   0.0
        D:3 |      72 |      12 |  14.3 |      21 |       4 |  16.0
        D:4 |     465 |       0 |   0.0 |      22 |       0 |   0.0
            +---------+---------+-------+---------+---------+-------

Vault maps used:
D:1:      minmay_arrival_up_and_down, hangedman_decor_diamond_cutter
D:3:      hangedman_decor_points, wad_orctagon
D:4:      first_ration, tgw_kikubaaqudgha

Table legend:
 A = Turns spent in this place as a percentage of turns spent in the entire game.
 B = Non-inter-level travel turns spent in this place as a percentage of non-inter-level travel turns spent in the entire game.
 C = Inter-level travel turns spent in this place as a percentage of turns spent in this place.
 D = Turns resting spent in this place as a percentage of non-inter-level travel turns spent in this place.
 E = Turns spent auto-exploring this place as a percentage of non-inter-level travel turns spent in this place.
 F = Non-inter-level travel turns spent in this place divided by the number of levels of this place that you've seen.
                   A       B       C       D       E      F
               +-------+-------+-------+-------+-------+----------------------
         Total | 100.0 | 100.0 |   3.1 |   6.1 |  79.5 | 776.5
       Dungeon | 100.0 | 100.0 |   3.1 |   6.1 |  79.5 | 776.5
               +-------+-------+-------+-------+-------+----------------------

Table legend:
 A = Kills in this place as a percentage of kills in entire the game.
 B = Kills by you in this place as a percentage of kills by you in the entire game.
 C = Kills by friends in this place as a percentage of kills by friends in the entire game.
 D = Other kills in this place as a percentage of other kills in the entire game.
 E = Experience gained in this place as a percentage of experience gained in the entire game.
 F = Experience gained in this place divided by the number of levels of this place that you have seen.
                   A       B       C       D       E      F
               +-------+-------+-------+-------+-------+----------------------
         Total | 100.0 | 100.0 |   N/A |   N/A | 100.0 | 157.8
       Dungeon | 100.0 | 100.0 |   N/A |   N/A | 100.0 | 157.8
               +-------+-------+-------+-------+-------+----------------------
